Map: King's Cove LE

Players

Reynor

  • Race: Zerg Zerg
  • Spawn Location: 11:00

Serral - Winner!

  • Race: Zerg Zerg
  • Spawn Location: 5:00

Event: 2019 WCS Spring

VOD

Have the link to the VOD?

Description

Time

  • Played on: May 19, 2019, 12:14 p.m.
  • Length: 11:52

All games in this series

Show
View Real Time Build Order
Export as new Build Order

Reynor Zerg 

Build Orders: Hatch First 

Get SALT Encoding   

  12  0:00  Drone  
  13  0:12  Overlord  
  13  0:18  Drone  
  14  0:30  Drone x2  
  16  0:49  Hatchery  
  15  0:54  Drone  
  16  0:58  Drone  
  16  1:01  Drone  
  18  1:05  Extractor  
  17  1:19  Spawning Pool  
  17  1:21  Drone  
  17  1:24  Drone  
  18  1:28  Drone  
  19  1:38  Drone  
  20  2:05  Zergling x2  
  20  2:06  Queen x2, Zergling x4  
  27  2:10  Metabolic Boost  
  27  2:17  Overlord  
  27  2:20  Drone  
  28  2:37  Drone x2  
  30  2:45  Hatchery  
  30  2:46  Drone  
  30  2:49  Drone  
  31  2:52  Drone  
  31  2:58  Overlord  
  32  3:02  Drone x2  
  34  3:06  Drone  
  34  3:11  Drone  
  36  3:17  Zergling x6  
  36  3:18  Zergling x2  
  40  3:23  Drone  
  40  3:25  Drone x2  
  43  3:27  Zergling x2  
  44  3:36  Roach Warren  
  44  3:38  Zergling x4  
  44  3:43  Overlord  
  44  3:55  Overlord  
  44  4:03  Drone x3  
  44  4:04  Drone  
  48  4:12  Zergling x2  
  48  4:13  Zergling x2  
  48  4:16  Zergling x4  
  50  4:18  Roach x2  
  50  4:19  Queen  
  54  4:32  Roach x7  
  65  4:38  Roach, Zergling x2  
  65  4:42  Overlord  
  65  4:44  Roach  
  66  4:49  Baneling Nest  
  66  4:51  Extractor  
  66  4:52  Extractor  
  63  4:53  Drone x3  
  63  4:57  Overlord  
  66  5:01  Drone x2  
  66  5:06  Drone x2  
  66  5:07  Drone  
  71  5:10  Drone  
  72  5:15  Overlord  
  72  5:16  Drone  
  72  5:17  Evolution Chamber  
  72  5:19  Drone  
  73  5:22  Drone x2  
  73  5:28  Zergling x6  
  78  5:32  Zergling x4  
  78  5:34  Baneling x2  
  80  5:37  Overlord  
  80  5:40  Baneling x4  
  80  5:44  Zerg Missile Weapons Level 1  
  80  5:45  Drone  
  80  5:47  Drone  
  80  5:48  Drone  
  83  5:50  Drone  
  83  5:53  Overlord  
  83  5:55  Drone  
  83  5:56  Drone  
  86  6:01  Lair  
  86  6:08  Overlord  
  78  6:11  Drone x5  
  78  6:15  Drone x2  
  78  6:16  Drone  
  83  6:22  Drone x4  
  81  6:26  Extractor  
  81  6:28  Roach x3  
  82  6:33  Roach x2  
  90  6:40  Roach x4  
  90  6:45  Roach x3  
  96  6:47  Roach  
  96  6:51  Roach x3  
  100  6:57  Extractor  
  100  6:59  Glial Reconstitution  
  99  7:04  Roach x5  
  109  7:08  Overlord  
  109  7:09  Roach  
  109  7:10  Roach  
  109  7:13  Overlord  
  113  7:20  Overlord  
  113  7:23  Nydus Network  
  113  7:27  Overseer  
  113  7:28  Roach, Zergling x12  
  113  7:29  Zergling x2  
  121  7:31  Roach  
  123  7:37  Roach x2  
  123  7:38  Roach x2  
  123  7:40  Roach  
  123  7:43  Roach  
  135  7:50  Overlord  
  135  7:51  Roach  
  135  7:52  Overlord  
  135  7:57  Overlord  
  137  8:07  Nydus Canal  
  137  8:08  Roach  
  137  8:09  Roach x3  
  145  8:14  Roach x4  
  145  8:18  Nydus Canal  
  153  8:21  Roach x2  
  153  8:22  Roach x2  
  153  8:25  Roach  
  155  8:27  Roach x3  
  161  8:35  Overlord  
  161  8:37  Nydus Canal  
  161  8:39  Roach x4  
  157  8:49  Roach x2  
  157  8:50  Overlord  
  157  8:51  Overlord  
  157  8:52  Nydus Canal  
  157  8:53  Roach x3  
  157  8:54  Roach  
  169  8:57  Overlord  
  169  9:07  Overlord  
  169  9:09  Roach  
  158  9:10  Roach  
  158  9:12  Roach  
  158  9:15  Roach  
  132  9:18  Roach, Queen  
  132  9:20  Overseer  
  132  9:22  Roach  
  132  9:23  Roach x3  
  129  9:25  Nydus Canal  
  129  9:26  Roach, Zerg Missile Weapons Level 2  
  129  9:30  Roach  
  127  9:33  Roach  
  127  9:34  Roach  
  127  9:38  Extractor  
  120  9:41  Roach  
  120  9:44  Nydus Canal  
  124  9:45  Roach x2, Overseer  
  124  9:51  Roach  
  124  9:52  Roach x6  
  132  9:53  Roach  
  132  9:55  Roach  
  132  9:57  Roach  
  136  10:03  Roach x2  
  136  10:06  Roach  
  142  10:09  Roach  
  142  10:10  Overseer  
  142  10:13  Roach  
  146  10:20  Roach x4  
  154  10:24  Roach x5  
  164  10:29  Roach x2  
  164  10:34  Ravager  
  164  10:35  Ravager  
  170  10:36  Roach x3  
  176  10:44  Roach x2  
  176  10:46  Roach  
  176  10:48  Roach x3  
  174  10:50  Roach  
  174  10:52  Nydus Canal  
  174  10:54  Roach  
  156  10:57  Roach x2  
  156  11:03  Roach x2  
  164  11:05  Roach  
  164  11:07  Nydus Canal  
  166  11:14  Roach x3  
  166  11:16  Roach x2  
  168  11:19  Ravager  
  168  11:23  Roach x4  
  171  11:30  Nydus Canal  
  171  11:31  Roach x3  
Show
View Real Time Build Order
Export as new Build Order

Serral Zerg - Winner!

Build Orders: Hatch First 

Get SALT Encoding   

  12  0:00  Drone  
  13  0:12  Overlord  
  13  0:17  Drone  
  14  0:30  Drone x2  
  16  0:49  Hatchery  
  15  0:52  Drone  
  15  0:55  Drone  
  17  0:59  Drone  
  18  1:08  Extractor  
  17  1:15  Spawning Pool  
  17  1:18  Drone  
  17  1:21  Drone  
  18  1:27  Drone  
  19  1:38  Drone  
  20  1:49  Drone  
  21  2:01  Queen x2  
  21  2:02  Overlord, Zergling x2  
  26  2:09  Metabolic Boost  
  26  2:13  Drone  
  26  2:14  Drone  
  28  2:22  Drone x2  
  30  2:37  Hatchery  
  30  2:44  Queen  
  29  2:46  Drone  
  29  2:48  Drone  
  33  2:55  Overlord  
  33  2:58  Baneling Nest  
  32  3:00  Drone  
  32  3:03  Zergling x2  
  33  3:08  Zergling x4  
  33  3:09  Zergling x2  
  36  3:14  Zergling x6  
  36  3:18  Drone  
  40  3:34  Zergling x2  
  40  3:35  Hatchery, Zergling x6  
  43  3:42  Baneling  
  43  3:44  Overlord  
  43  3:45  Zergling x2  
  43  3:48  Baneling x2  
  44  3:51  Evolution Chamber  
  44  3:53  Overlord  
  43  3:59  Baneling  
  43  4:01  Drone  
  43  4:02  Drone x2  
  46  4:03  Drone  
  46  4:04  Drone  
  48  4:11  Drone x2  
  48  4:16  Zergling x2  
  51  4:20  Roach Warren  
  50  4:24  Zerg Missile Weapons Level 1  
  49  4:32  Overlord  
  49  4:33  Drone x2  
  49  4:34  Drone  
  49  4:37  Extractor  
  49  4:39  Zergling x4  
  49  4:43  Drone x2  
  51  4:53  Drone x2  
  53  5:02  Roach x3  
  53  5:04  Drone x3  
  61  5:17  Roach x2  
  61  5:21  Extractor, Overlord  
  65  5:24  Overlord  
  64  5:32  Lair  
  64  5:41  Roach x4  
  72  5:46  Drone x9  
  80  5:53  Baneling x2  
  80  5:56  Overlord  
  81  5:57  Zergling x8  
  81  6:03  Overlord  
  84  6:11  Roach x2, Zergling x8  
  81  6:16  Roach, Zergling x2  
  81  6:18  Roach  
  80  6:20  Drone x2  
  80  6:24  Drone  
  79  6:26  Drone x4  
  79  6:32  Glial Reconstitution  
  78  6:39  Zerg Missile Weapons Level 2  
  74  6:44  Drone x2  
  74  6:45  Drone x3  
  74  6:46  Extractor x2  
  75  6:56  Overseer  
  75  6:59  Drone  
  75  7:00  Drone x5  
  81  7:02  Overlord, Pneumatized Carapace  
  81  7:06  Drone x4  
  81  7:08  Extractor, Roach  
  86  7:13  Roach x3  
  86  7:14  Roach  
  93  7:17  Overlord  
  93  7:23  Overlord x2  
  93  7:24  Roach x2  
  93  7:29  Roach x2  
  101  7:33  Hydralisk Den  
  101  7:37  Drone  
  101  7:40  Roach x2  
  101  7:41  Hatchery  
  104  7:54  Roach x8  
  121  8:02  Overlord  
  121  8:03  Roach x5  
  121  8:04  Spine Crawler x2  
  130  8:07  Overlord  
  130  8:09  Spine Crawler  
  129  8:15  Overlord  
  129  8:23  Roach x4  
  129  8:30  Roach x6  
  141  8:37  Roach x2  
  145  8:43  Roach x4  
  145  8:46  Overseer  
  153  8:54  Spire  
  153  8:55  Zerg Ground Armor Level 1  
  152  8:57  Hatchery  
  152  9:00  Roach, Overlord  
  153  9:03  Overlord  
  149  9:11  Roach x5  
  149  9:15  Roach x5  
  144  9:21  Roach x4  
  136  9:28  Roach x4  
  141  9:40  Roach x6  
  153  9:50  Roach x5  
  159  10:01  Queen  
  159  10:26  Mutalisk x6  
  169  10:33  Overlord x3  
  169  10:35  Overseer  
  169  10:42  Overlord  
  169  10:46  Hatchery  
  169  10:49  Roach  
  160  10:50  Roach x4  
  160  10:56  Roach x5  
  150  11:01  Roach x2  
  152  11:06  Roach  
  152  11:08  Roach  
  156  11:12  Ravager x3  
  157  11:19  Roach x7  
  167  11:27  Roach x4  
  173  11:34  Ravager x2  
Tags
 
Add a new tag
Caveats
  • Supply blocks, unpowered buildings, or Contaminate may cause inaccurate times.
  • Supply counts are checked every 10 seconds.